 Dungeon Crawl Stone Soup version 0.22.1-6-g1668fe2 (webtiles) character file.

2249 Tiagovsky the Firebug (level 9, -1/75 HPs)
             Began as a Red Draconian Fire Elementalist on Jan 29, 2019.
             Was a Believer of Sif Muna.
             Slain by a yak (13 damage)
             ... on level 8 of the Dungeon.
             The game lasted 00:26:52 (8485 turns).

Tiagovsky the Firebug (DrFE)                        Turns: 8485, Time: 00:26:53

Health: -1/75      AC: 11    Str: 11    XL:     9   Next: 15%
Magic:  12/17      EV: 12    Int: 18    God:    Sif Muna [**....]
Gold:   321        SH:  0    Dex: 12    Spells: 4/18 levels left

rFire    + . .     SeeInvis .   k - +5 dagger
rCold    . . .     Gourm    .   (no shield)
rNeg     . . .     Faith    .   (armour unavailable)
rPois    .         Spirit   .   (helmet restricted)
rElec    .         Reflect  .   (no cloak)
rCorr    .         Harm     .   (no gloves)
MR       .....                  (no boots)
Stlth    ++........             e - amulet of regeneration
HPRegen  0.62/turn              i - ring of wizardry
MPRegen  0.15/turn              l - +4 ring of protection

@: divine energy
A: breathe fire, unfitting armour, fire resistance 1, cold-blooded, AC +7
a: Breathe Fire, Stop Divine Energy, Renounce Religion


You were on level 8 of the Dungeon.
You worshipped Sif Muna.
Sif Muna was pleased with you.
You were hungry.

You visited 2 branches of the dungeon, and saw 9 of its levels.

You collected 321 gold pieces.

Inventory:

Hand Weapons
 k - a +5 dagger (weapon)
 q - a +1 dagger of speed
Missiles
 m - 72 sling bullets
 r - 96 stones
 x - 10 javelins (quivered)
 y - 5 tomahawks
Jewellery
 e - an amulet of regeneration (around neck)
 i - a ring of wizardry (left hand)
 l - a +4 ring of protection (right hand)
 s - an uncursed ring of protection from cold
Wands
 p - a wand of flame (21)
 t - a wand of polymorph (12)
 v - a wand of acid (7)
 C - a wand of random effects (29)
 E - a wand of iceblast (6)
Scrolls
 d - a scroll of teleportation
 f - 3 scrolls of enchant armour
 o - a scroll of amnesia
 u - 2 scrolls of enchant weapon
 w - a scroll of blinking
 F - 4 scrolls of identify
 G - 2 scrolls of fog
 K - 2 scrolls of remove curse
Potions
 a - a potion of mutation {unknown}
 c - a potion of haste {unknown}
 g - 3 potions of curing {unknown}
 h - a potion of heal wounds {unknown}
 n - 2 potions of berserk rage {unknown}
 z - a potion of might {unknown}
 A - a potion of lignification {unknown}
 B - 2 potions of agility {unknown}
 H - a potion of brilliance {unknown}
 J - 2 potions of invisibility {unknown}
Comestibles
 b - 9 rations


   Skills:
 + Level 6.0 Fighting
 + Level 4.3 Short Blades
 - Level 1.7 Dodging
 - Level 1.7 Stealth
 + Level 5.4 Spellcasting
 + Level 5.6 Conjurations
 - Level 7.5 Fire Magic
 + Level 0.8 Earth Magic


You had 4 spell levels left.
You knew the following spells:

 Your Spells              Type           Power        Failure   Level  Hunger
a - Flame Tongue          Conj/Fire      ####.        1%          1    None
b - Throw Flame           Conj/Fire      ####..       1%          2    #......
c - Conjure Flame         Conj/Fire      ####....     1%          3    ##.....
d - Fireball              Conj/Fire      ####......   10%         5    ######.
e - Stone Arrow           Conj/Erth      ###...       4%          3    ##.....

Your spell library contained the following spells:

 Spells                   Type           Power        Failure   Level  Hunger
 Sandblast                Erth           #.....       3%          1    None
 Inner Flame              Hex/Fire       ###.....     3%          3    ##.....
 Sticky Flame             Conj/Fire      ####....     3%          4    ####...
 Animate Skeleton         Necr           N/A          5%          1    None
 Pain                     Necr           #...         5%          1    None
 Passwall                 Tmut/Erth      #.......     6%          2    #......
 Regeneration             Chrm/Necr      #.........   16%         3    ##.....
 Vampiric Draining        Necr           #.........   16%         3    ##.....
 Petrify                  Tmut/Erth      #.......     38%         4    ####...
 Animate Dead             Necr           N/A          43%         4    ####...
 Lee's Rapid Deconstruct  Erth           #.........   65%         5    ######.


Dungeon Overview and Level Annotations

Branches:
Dungeon (8/15)             Temple (1/1) D:4
   Lair: D:8-11

Altars:
Ashenzari
Cheibriados
Dithmenos
Fedhas
Gozag
Hepliaklqana
Kikubaaqudgha
Makhleb
Nemelex Xobeh
Okawaru
Qazlal
Ru
Sif Muna
Trog
Uskayaw
Vehumet
Wu Jian
Xom
Yredelemnul
Zin
The Shining One

Annotations:
D:2 Sigmund


Innate Abilities, Weirdness & Mutations

You can breathe blasts of fire.
Your fiery red scales are hard. (AC +7)
You cannot fit into any form of body armour.
Your flesh is heat resistant. (rF+)
You are cold-blooded and may be slowed by cold attacks.


Message History

You tail-slap the yak, but do no damage.
The yak is severely wounded.
The yak closely misses you.
You completely miss the yak.
The yak is severely wounded.
The yak gores you!
* * * LOW HITPOINT WARNING * * *
You completely miss the yak.
The yak is severely wounded.
The yak gores you!
* * * LOW HITPOINT WARNING * * *
Casting: Flame Tongue (safe; 1% risk of failure)
Confirm with . or Enter, or press ? or * to list all spells.
Aiming: Flame Tongue (safe; 1% risk of failure)
Press: ? - help, Shift-Dir - straight line, f/p - yak
Aim: a yak (severely wounded)
The flame tongue hits the yak.
The yak is severely wounded.
The yak gores you!
You die...

#..#.......### #
#............## #.
#.............#
#..##.....####..8..#
#.....#..## #.....##
...#.......####.....#
........##...##..!..# .
..........##..#.....#.#
#.#......@Y.#.#........
. #.......#.#.#.!.....≈
####..###.#....Y.#
#....#Z#...8..#
#.##...Y.....## #.
###.......... #.
#....###.... ##...#
....≈ #<.## ...≈


You could see a yak.

Vanquished Creatures
  Menkaure (D:7)
  An ice beast (D:7)
  3 sky beasts (D:5)
  4 centaurs
  2 ogres
  4 bullfrogs
  A big kobold (D:7)
  A scorpion (D:5)
  A crimson imp (D:5)
  2 bullfrog zombies
  2 orc priests (D:5)
  6 orc wizards
  A bullfrog skeleton (D:6)
  A quasit (D:7)
  A centaur skeleton (D:8)
  An iguana (D:7)
  Terence (D:3)
  5 worker ants
  Ijyb (D:3)
  A worker ant zombie (D:5)
  Robin (D:2)
  10 adders
  2 hound simulacra (D:8)
  2 shadow imps
  An ufetubus (D:8)
  2 oozes
  An adder skeleton (D:7)
  3 worms
  8 dart slugs
  3 leopard geckos
  15 orcs
  8 giant cockroaches
  18 goblins
  11 hobgoblins
  3 jackals (D:6)
  11 kobolds
  3 quokkas
  A ball python (D:5)
  2 bats (D:1)
  7 frilled lizards
  A jackal skeleton (D:6)
  A leopard gecko skeleton (D:4)
  A quokka skeleton (D:5)
155 creatures vanquished.

Vanquished Creatures (others)
  An adder (D:5)
  An orc (D:5)
2 creatures vanquished.

Grand Total: 157 creatures vanquished

Notes
Turn   | Place    | Note
-------+----------+-------------------------------------------
     0 | D:1      | Tiagovsky the Draconian Fire Elementalist began the quest
                  | for the Orb.
     0 | D:1      | Reached XP level 1. HP: 14/14 MP: 3/3
   264 | D:1      | Reached XP level 2. HP: 22/22 MP: 0/5
   346 | D:1      | Reached skill level 1 in Fighting
  1131 | D:2      | Reached XP level 3. HP: 28/28 MP: 4/6
  1221 | D:2      | Noticed Sigmund
  1463 | D:2      | Noticed Robin
  1567 | D:2      | Learned a level 2 spell: Throw Flame
  1779 | D:2      | Reached XP level 4. HP: 36/36 MP: 5/7
  1928 | D:2      | Killed Robin
  2085 | D:3      | Learned a level 3 spell: Conjure Flame
  2294 | D:3      | Noticed Ijyb
  2306 | D:3      | Killed Ijyb
  2525 | D:3      | Noticed Terence
  2543 | D:3      | Killed Terence
  2543 | D:3      | Reached XP level 5. HP: 32/42 MP: 3/9
  2774 | D:3      | Found a sacrificial altar of Ru.
  3096 | D:4      | Reached skill level 4 in Fire Magic
  3229 | D:4      | Found a staircase to the Ecumenical Temple.
  3235 | Temple   | Entered the Ecumenical Temple
  3356 | Temple   | Became a worshipper of Sif Muna the Loreminder
  3938 | D:4      | Found a glowing golden altar of the Shining One.
  3986 | D:5      | Entered Level 5 of the Dungeon
  3990 | D:5      | Reached XP level 6. HP: 51/51 MP: 7/10
  4569 | D:5      | Noticed a sky beast
  4576 | D:5      | Found a blossoming altar of Fedhas.
  4580 | D:5      | Found a glowing silver altar of Zin.
  4582 | D:5      | Found a sacrificial altar of Ru.
  4783 | D:5      | Reached skill level 1 in Short Blades
  4894 | D:5      | Killed a sky beast
  4894 | D:5      | Your scales start taking on a fiery red colour.
  4894 | D:5      | Reached skill level 5 in Fire Magic
  4894 | D:5      | Reached XP level 7. HP: 38/58 MP: 7/12
  4894 | D:5      | Gained mutation: Your flesh is heat resistant. (rF+) [Red
                  | Draconian growth]
  4911 | D:5      | Reached * piety under Sif Muna
  5135 | D:5      | Found a radiant altar of Vehumet.
  5198 | D:5      | Reached skill level 6 in Fire Magic
  5270 | D:5      | Reached XP level 8. HP: 50/67 MP: 6/14
  6131 | D:6      | Reached skill level 5 in Fighting
  6303 | D:6      | Reached ** piety under Sif Muna
  6417 | D:6      | Reached skill level 5 in Conjurations
  6417 | D:6      | Reached skill level 7 in Fire Magic
  6478 | D:6      | Reached skill level 5 in Spellcasting
  7588 | D:7      | Noticed Menkaure
  7597 | D:7      | Killed Menkaure
  7597 | D:7      | Reached XP level 9. HP: 58/75 MP: 12/17
  7739 | D:7      | Learned a level 5 spell: Fireball
  7743 | D:7      | Learned a level 3 spell: Stone Arrow
  8485 | D:8      | Slain by a yak

Skill      XL: |  1  2  3  4  5  6  7  8  9 |
---------------+----------------------------+-----
Fighting       | 1 2 3 4 5 6 |  6.0
Conjurations   | 2 3 4 5 |  5.6
Spellcasting   | 3 4 5 |  5.4
Fire Magic     | 4 5 6 7 |  7.5
Short Blades   | 1 2 4 |  4.3
Dodging        | |  1.7
Stealth        | |  1.7
Earth Magic    | |  0.8

Action                   |  1- 3 |  4- 6 |  7- 9 || total
-------------------------+-------+-------+-------++-------
Melee: Unarmed           |     9 |       |       ||     9
       Tailslap          |     3 |     9 |     6 ||    18
       Whip              |     1 |       |       ||     1
       Dagger            |    18 |    90 |    67 ||   175
Throw: Stone             |       |     3 |       ||     3
       Javelin           |       |       |     2 ||     2
 Cast: Flame Tongue      |    55 |   109 |   147 ||   311
       Throw Flame       |       |     3 |    32 ||    35
       Conjure Flame     |       |     1 |     1 ||     2
Invok: Divine Energy     |       |       |     1 ||     1
  Use: Scroll            |       |     6 |     8 ||    14
  Eat: Chunk             |     3 |     8 |     3 ||    14
       Ration            |       |     1 |     2 ||     3
Armor: Skin              |    21 |    44 |    51 ||   116
Dodge: Dodged            |    33 |    69 |   102 ||   204
